 Dungeon Sprint DCSS version 0.17-a0-1650-gce8475a (webtiles) character file.

342 Kidiri the Covert (level 6, -3/25 HPs)
             Began as a Spriggan Enchanter on Aug 13, 2015.
             Was an Initiate of Dithmenos.
             Slain by a spatial vortex (26 damage)
             ... in the Dungeon (Sprint III: "The Ten Rune Challenge").
             The game lasted 00:02:49 (231 turns).

Kidiri the Covert (Spriggan Enchanter)               Turns: 231, Time: 00:02:49

Health: -3/25      AC:  2    Str:  4    XL:     6   Next: 30%
Magic:  8/18       EV: 34    Int: 15    God:    Dithmenos [......]
Gold:   16         SH:  0    Dex: 23    Spells: 5 memorised, 9 levels left

rFire  + . .     SeeInvis +     a - +1 dagger
rCold  . . .     Clarity  .     b - +1 robe
rNeg   . . .     SustAt   .     (shield restricted)
rPois  .         Gourm    .     (helmet restricted)
rElec  .         Spirit   .     (no cloak)
rCorr  .         Warding  .     (gloves unavailable)
rMut   .         NoTele   +     (boots unavailable)
MR     +....                    (no amulet)
Stlth  +++++++...               (no ring)
                                (no ring)

@: agile, very quick, somewhat resistant to hostile enchantments, extremely
stealthy
A: unfitting armour, hooves 1, see invisible, deformed body, dopey 1, fire
resistance 1, herbivore 3, speed 3, frail 1, slow metabolism 2, wild magic 1
a: Renounce Religion


You were in the Dungeon.
You worshipped Dithmenos.
Dithmenos was noncommittal.
You were not hungry.

You visited 1 branch You collected 16 gold pieces.

Inventory:

Hand weapons
 a - a +1 dagger (weapon)
 t - a +5 club
Armour
 b - a +1 robe (worn)
Scrolls
 j - a scroll of blinking
 k - a scroll of enchant armour
 n - a scroll of torment
 p - a scroll of remove curse
 s - a scroll of holy word
Potions
 e - a potion of curing
 f - 3 potions of heal wounds
 g - a potion of haste
 h - 2 potions of magic
 i - a potion of berserk rage
 r - 4 potions of flight
Books
 c - a book of Maledictions

   Spells                             Type                      Level
   a - Corona                         Hexes                        1
   b - Ensorcelled Hibernation        Hexes/Ice                    2
   c - Confuse                        Hexes                        3
   d - Tukima's Dance                 Hexes                        3
   e - Dazzling Spray                 Conjuration/Hexes            3
Comestibles
 d - 2 bread rations
 l - 8 fruits
 m - a royal jelly


   Skills:
 + Level 4.6 Short Blades
 * Level 9.5 Dodging
 * Level 10.6 Stealth
 * Level 8.0 Spellcasting
 + Level 2.1 Conjurations
 + Level 6.3 Hexes
 + Level 2.9 Ice Magic
 + Level 0.0 Invocations


You had 9 spell levels left.
You knew the following spells:

 Your Spells              Type           Power        Failure   Level  Hunger
a - Corona                Hex            #####..      3%          1    None
b - Ensorcelled Hibernat  Hex/Ice        ####..       7%          2    None
c - Confuse               Hex            #####...     7%          3    ##.....
d - Tukima's Dance        Hex            #####...     7%          3    ##.....
e - Dazzling Spray        Conj/Hex       ####....     19%         3    ##.....


Dungeon Overview and Level Annotations

Branches:
Dungeon (1/1)

Altars:
Dithmenos
Gozag
Makhleb
Nemelex Xobeh
Qazlal
Ru
Xom
Jiyva
Lugonu


Innate Abilities, Weirdness & Mutations

You are tiny and cannot use many weapons and most armour.
You have supernaturally acute eyesight.
You are a herbivore.
You cover ground extremely quickly.
You need consume almost no food.
You have large cloven feet.
Armour fits poorly on your strangely shaped body.
You are dopey. (Int -2)
Your flesh is heat resistant.
You are frail (-10% HP).
Your spells are a little harder to cast, but a little more powerful.


Message History

There is a sacrificial altar of Ru here.
There is a viscous altar of Jiyva here.
The spatial vortex completely misses you.
There is a shadowy altar of Dithmenos here.
You kneel at the altar of Dithmenos.
Dithmenos welcomes you!
Casting: Ensorcelled Hibernation
Confirm with . or Enter, or press ? or * to list all spells.
Aiming: Dazzling Spray
Press: ? - help, Shift-Dir - straight line, f - spatial vortex
Aim: a spatial vortex The spray of energy hits the spatial vortex.
The spatial vortex is lightly damaged.
You are no longer corroded.
You hit the spatial vortex.
You kick the spatial vortex, but do no damage.
The spatial vortex is lightly damaged.
The spatial vortex hits you!!
Ouch! That really hurt!
You die...

#### ##.# ...#####..#
....#..#..#
#..[#..#..###+#+###+##
##..##'#..#..........#
##..###...'.⌠........#
#..####...#...######'#
#..###....#.⌠.#_v#...#
...##.....#...#_@#...#
...#......#+###__#...#
.##.#.....# #__#...+
.#####....# #_.'...#
▓▓ ▓▓▓▓▓▓ ▓▓▓▓▓▓▓▓


You could see a spatial vortex.

Vanquished Creatures
  A shadow (D)
  A water elemental (D)
  A scorpion (D)
  A jelly (D)
  Jessica (D)
  A human (D)
  2 rats (D)
8 creatures vanquished.

Vanquished Creatures (others)
  2 draconian scorchers (D)
  A hydra (D)
  A yaktaur (D)
  4 plants (D)
8 creatures vanquished.

Grand Total: 16 creatures vanquished

Notes
Turn   | Place    | Note
--------------------------------------------------------------
     0 | D        | Kidiri the Spriggan Enchanter began the quest for the Orb.
     0 | D        | Reached XP level 1. HP: 9/9 MP: 5/5
    23 | D        | Noticed Jessica
    29 | D        | Killed Jessica
    29 | D        | Reached skill level 5 in Dodging
    29 | D        | Reached skill level 6 in Stealth
    29 | D        | Reached XP level 2. HP: 13/13 MP: 6/8
    33 | D        | Learned a level 2 spell: Ensorcelled Hibernation
    63 | D        | Reached XP level 3. HP: 16/16 MP: 3/10
    68 | D        | Learned a level 3 spell: Confuse
    72 | D        | Learned a level 3 spell: Tukima's Dance
   118 | D        | Noticed a scorpion
   121 | D        | Killed a scorpion
   121 | D        | Reached skill level 7 in Stealth
   121 | D        | Reached skill level 5 in Spellcasting
   121 | D        | Reached skill level 5 in Hexes
   121 | D        | Reached skill level 1 in Ice Magic
   121 | D        | Reached XP level 4. HP: 21/21 MP: 8/12
   126 | D        | Learned a level 3 spell: Dazzling Spray
   193 | D        | Killed a four-headed hydra
   194 | D        | Gained mutation: You have large cloven feet. [potion of mutation]
   194 | D        | Gained mutation: Your flesh is heat resistant. [potion of mutation]
   194 | D        | Gained mutation: Your spells are a little harder to cast, but a little more powerful. [potion of mutation]
   195 | D        | Gained mutation: Armour fits poorly on your strangely shaped body. [potion of mutation]
   195 | D        | Gained mutation: You are frail (-10% HP). [potion of mutation]
   195 | D        | Gained mutation: You are dopey. (Int -2) [potion of mutation]
   197 | D        | Noticed a water elemental
   200 | D        | Killed a water elemental
   200 | D        | Reached skill level 8 in Stealth
   200 | D        | Reached skill level 1 in Conjurations
   200 | D        | Reached XP level 5. HP: 21/21 MP: 12/14
   209 | D        | Noticed a jelly
   210 | D        | Noticed a shadow
   212 | D        | Killed a shadow
   212 | D        | Reached skill level 9 in Dodging
   212 | D        | Reached skill level 10 in Stealth
   212 | D        | Reached XP level 6. HP: 25/25 MP: 13/17
   213 | D        | Killed a white draconian scorcher
   214 | D        | Killed a yaktaur
   218 | D        | Killed a jelly
   224 | D        | Found a stormy altar of Qazlal.
   225 | D        | Found a sacrificial altar of Ru.
   225 | D        | Found a burning altar of Makhleb.
   225 | D        | Found a viscous altar of Jiyva.
   225 | D        | Found a shimmering altar of Xom.
   225 | D        | Found a shadowy altar of Dithmenos.
   225 | D        | Found a sparkling altar of Nemelex Xobeh.
   225 | D        | Found a corrupted altar of Lugonu.
   225 | D        | Found an opulent altar of Gozag.
   225 | D        | Noticed a spatial vortex
   228 | D        | Killed a white draconian scorcher
   229 | D        | Became a worshipper of Dithmenos the Shadowed
   231 | D        | Slain by a spatial vortex

Vault maps used:
D:        dungeon_sprint_mu

Action                   |  1- 3 |  4- 6 || total
-------------------------+-------+-------++-------
Melee: Dagger            |     7 |     5 ||    12
 Cast: Ensorcelled Hiber |     3 |     2 ||     5
       Corona            |     1 |       ||     1
       Dazzling Spray    |       |     1 ||     1
  Use: Scroll            |       |     4 ||     4
       Potion            |       |     3 ||     3
 Stab: Sleeping          |     4 |     3 ||     7
